Unix NetHack Version 3.7.0-58 Work-in-progress - last build May 9 2022 01:57:28 (68cf6e19034123fb635188453c0de67a0aba65fd,branch:master). Game began 2022-05-11 11:31:01, ended 2022-05-11 13:10:37. Hill, chaotic male human Wizard ------ ----- |....| |...| |.`'.----...| |.``@f......| |..--->---..| |---------.--- |...^^<|.....| |..----|.....| --.| |.....| |.-----.....| |...........| |..---------- ---- Hill the Thaumaturge St:16 Dx:14 Co:15 In:18 Wi:9 Ch:11 Chaotic S:5517 Dlvl:6 $:73 HP:0(52) Pw:72(72) AC:2 Xp:7/1256 T:5429 Latest messages: What do you want to eat? [nszBMUV or ?*] V It is not so easy to open this tin. You stop opening the tin. What do you want to eat? [nszBMUV or ?*] V It is not so easy to open this tin. You succeed in opening the tin. It smells like black unicorns. Eat it? [yn] (n) n You discard the open tin. With great effort you move the boulder. The boulder fills a pit. With great effort you move the boulder. The boulder fills a pit. You kill the newt! You are beginning to feel hungry. You see here a newt corpse. There is a newt corpse here; eat it? [ynq] (n) y This newt corpse tastes okay. You finish eating the newt corpse. What do you want to eat? [nszBMU or ?*] ? This food really hits the spot! You finish eating the food ration. You swap places with your kitten. With great effort you move the boulder. The boulder fills a pit. You swap places with your kitten. With great effort you move the boulder. The rope golem hits! The rope golem hits! You hit the rope golem! The rope golem hits! The rope golem misses! You miss the rope golem. The rope golem hits! The rope golem hits! The rope golem grabs you! You hit the rope golem! The rope golem hits! The rope golem hits! You are being choked. You hit the rope golem! The rope golem misses! The rope golem hits! You are being choked. You miss the rope golem. The rope golem hits! The rope golem misses! You are being choked. You die... Do you want your possessions identified? [ynq] (y) q Major events: Turn 1: Hill the chaotic male human Wizard entered the dungeon 1089: attained the rank of Conjurer (level 3) 1399: entered the Gnomish Mines 1590: reached Mine Town 1932: attained the rank of Thaumaturge (level 6) 3085: read a Discworld novel 5168: entered Sokoban 5429: killed by a rope golem Inventory: Coins $ - 73 gold pieces Weapons K - a +0 dart G - 4 +0 daggers L - 2 +0 elven daggers w - a +0 orcish dagger t - a +0 aklys a - a blessed +3 quarterstaff (weapon in hands) Armor o - an uncursed +0 orcish helm J - an uncursed +0 pair of iron shoes (being worn) b - a blessed +5 cloak of magic resistance (being worn) X - an uncursed +0 mummy wrapping Comestibles n - 2 uncursed food rations M - 3 uncursed food rations z - an uncursed lembas wafer s - an uncursed pancake B - an uncursed lichen corpse U - 2 uncursed lizard corpses Scrolls v - an uncursed scroll of blank paper H - 2 uncursed scrolls of earth T - 2 uncursed scrolls of gold detection i - 2 blessed scrolls of identify Z - an uncursed scroll of magic mapping I - 2 blessed scrolls of teleportation Potions l - an uncursed potion of booze C - a cursed potion of confusion Y - an uncursed potion of gain ability h - an uncursed potion of object detection f - an uncursed potion of polymorph F - 2 potions of holy water Rings r - an uncursed ring of fire resistance named c e - an uncursed +2 ring of gain constitution (on right hand) d - an uncursed +1 ring of increase damage (on left hand) Wands c - a wand of light (0:10) N - a wand of polymorph (0:3) g - a blessed wand of secret door detection (0:13) x - a wand of striking (0:6) Tools u - a blessed brass lantern S - an uncursed magic lamp m - a magic marker (0:42) p - a +0 pick-axe (alternate weapon; not wielded) k - an uncursed skeleton key O - an uncursed tallow candle q - an uncursed tin whistle Gems/Stones R - an uncursed chrysoberyl stone W - an uncursed fluorite stone y - an uncursed jet stone D - an uncursed obsidian stone E - an uncursed topaz stone A - an uncursed worthless piece of blue glass P - 2 uncursed worthless pieces of violet glass Q - 2 uncursed worthless pieces of white glass j - 4 uncursed worthless pieces of yellowish brown glass Hill the Wizard's attributes: Background: You were a Thaumaturge, a level 7 male human Wizard. You were chaotic, on a mission for Anhur who was opposed by Ptah (lawful) and Thoth (neutral). You were in Sokoban, on level 6. You entered the dungeon 5429 turns ago. You had 1256 experience points, 24 more were needed to attain level 8. Your score was 5517 before end-of-game adjustments. Basics: You had 0 out of 52 hit points. You had all 72 energy points (spell power). Your armor class was 2. Your wallet contained 73 zorkmids. Autopickup was off. Final Characteristics: Your strength was 16 (limit:18/100). Your dexterity was 14 (limit:18). Your constitution was 15 (base:13, limit:18). Your intelligence was 18 (limit:18). Your wisdom was 9 (limit:18). Your charisma was 11 (limit:18). Final Status: You were held by a rope golem (northwest). You were not hungry. You were unencumbered. You were wielding a quarterstaff. You had basic skill with quarterstaff and could have enhanced that. Final Attributes: You were piously aligned. You were magic-protected. You were poison resistant. You had a small damage bonus (+1). You were warded. You are dead. Miscellaneous: You never encountered a bones level. Total elapsed playing time was 1 hour, 39 minutes and 35 seconds. Vanquished creatures: 2 small mimics a giant beetle a gold golem 2 lizards a chickatrice a jaguar a dust vortex a raven a plains centaur a gnome mummy 2 snakes 6 Mordor orcs an orc shaman 2 rock moles 2 fog clouds 2 shriekers a gnome leader 2 gnomish wizards a kobold mummy a gray ooze a straw golem a floating eye 3 dwarves 5 rothes 2 rabid rats 4 dwarf zombies a wererat an iguana a coyote 3 hobbits 2 manes 2 large kobolds 2 giant rats a cave spider a yellow mold a green mold 15 gnomes 2 gnome zombies 5 geckos 7 jackals a fox 4 goblins 8 grid bugs a lichen a kobold zombie 6 newts 113 creatures vanquished. No species were genocided or became extinct. Voluntary challenges: You read items or engraved 21 times. You engraved Elbereth 1 time. You never genocided any monsters. You never polymorphed an object. You never changed form. You used no wishes. You did not violate any of the special Sokoban rules. Achievements: You attained the rank of Conjurer. You entered the Gnomish Mines. You entered Minetown. You entered a shop. You attained the rank of Thaumaturge. You entered a temple. You read from a Discworld novel. You entered Sokoban. The Dungeons of Doom: levels 1 to 7 Level 1: Some fountains, a sink. Level 2: Some fountains. Level 3: A fountain. Level 4: A fountain. Stairs down to The Gnomish Mines. Level 5: A scroll shop. Level 6: Many fountains. Level 7: An altar to Anhur, a fountain. Stairs up to Sokoban, level 6. The Gnomish Mines: levels 5 to 8 Level 5: Level 6: Level 7: Level 8: Many shops, a temple, some fountains. Sokoban: Level 6: <- You were here. Unsolved. Final resting place for you, killed by a rope golem. Game over: ---------- / \ / REST \ / IN \ / PEACE \ / \ | Hill | | 73 Au | | killed by a rope | | golem | | | | | | 2022 | *| * * * | * _________)/\\_//(\/(/\)/\//\/|_)_______ Goodbye Hill the Wizard... You died in Sokoban on dungeon level 6 with 5510 points, and 73 pieces of gold, after 5429 moves. You were level 7 with a maximum of 52 hit points when you died.